Match 47476932
Unlisted

Match 47476932
End
Royal Engineer Section
Construct Section Command Post
Infantry Section
Dingo Light Scout Car
ML 3-inch Mortar Team
Construct Platoon Command Post
Unlock M3 Stuart Light Tanks
Selects Indian Artillery Battlegroup
Selects Valour
M3 Stuart Light Tank
Light Vehicle Training
M3 Stuart Light Tank
Selects Gurkha Rifles Section
Gurkha Rifles Section
Construct Field Infirmary
Infantry Training
6-pounder Anti-tank Gun Team
Team Weapon Training
Construct Company Command Post
Selects Volunteer Infantry
Foot Guards Section
Unlock M3 Grant Medium Tanks
M3 Grant Medium Tank
Selects Artillery Saturation
Selects Off-map Airburst Barrage
M3 Grant Medium Tank
Armored Vehicle Training
Foot Guards Section
Selects Perimeter Monitor
Unlock Towed 17-pounder Anti-tank Guns
17-pounder Anti-tank Gun Team
Royal Engineer Section
Perimeter Monitor
Off-map Airburst Barrage
6-pounder Anti-tank Gun Team
Rarmy
Nukepapa
0
0

Comments sign in to comment!

No comments posted yet!